 Dungeon Crawl Stone Soup version 0.21-b1-23-g1fb0a74 (webtiles) character file.

1509 polly the Cudgeler (level 8, 50/51 HPs)
             Began as a Gargoyle Berserker on Jan 4, 2018.
             Was an Elder of Trog.
             Quit the game on level 5 of the Dungeon on Jan 5, 2018.
             The game lasted 00:13:06 (4505 turns).

polly the Cudgeler (Gargoyle Berserker)             Turns: 4505, Time: 00:13:07

Health: 50/51      AC: 14    Str: 24    XL:     8   Next: 82%
Magic:  8/8        EV: 12    Int:  7    God:    Trog [****..]
Gold:   139        SH:  0    Dex: 13    Spells: 7/7 levels left

rFire    . . .     SeeInvis .   d - +0 whip (venom)
rCold    . . .     Gourm    .   (no shield)
rNeg     + . .     Faith    .   j - +0 scale mail
rPois    ∞         Spirit   .   h - +0 helmet
rElec    +         Reflect  .   (no cloak)
rCorr    .         Harm     .   (no gloves)
MR       .....                  (no boots)
Stlth    ..........             (no amulet)
HPRegen  0.17/turn              (no ring)
MPRegen  0.11/turn              (no ring)

@: no status effects
A: agile 1, negative energy resistance 1, electricity resistance, strong 1,
unbreathing, petrification resistance, rot immunity, AC +5
a: Berserk, Trog's Hand, Brothers in Arms, Burn Spellbooks, Renounce Religion


You were on level 5 of the Dungeon.
You worshipped Trog.
Trog was greatly pleased with you.
You were hungry.

You visited 1 branch of the dungeon, and saw 5 of its levels.

You collected 139 gold pieces.

Inventory:

Hand Weapons
 d - a +0 whip of venom (weapon)
Armour
 h - a +0 helmet (worn)
 j - a +0 scale mail (worn)
Jewellery
 k - an uncursed ring of protection from fire {unknown}
 n - an uncursed amulet of magic regeneration {unknown}
 u - a cursed ring of teleportation {unknown}
Wands
 b - a wand of flame (24)
Scrolls
 a - 3 scrolls of enchant weapon {unknown}
 e - 4 scrolls of identify {unknown}
 f - 2 scrolls of magic mapping {unknown}
 g - 2 scrolls of enchant armour {unknown}
 m - a scroll of remove curse {unknown}
 o - 2 scrolls of amnesia {unknown}
 p - 2 scrolls of teleportation {unknown}
 r - a scroll of fog {unknown}
 x - a scroll of fear {unknown}
Potions
 i - a potion of lignification {unknown}
 q - a potion of heal wounds {unknown}
 s - 2 potions of degeneration {unknown}
 t - a potion of mutation
 v - a potion of flight {unknown}
 w - 2 potions of curing
Miscellaneous
 l - a phial of floods
Comestibles
 c - 5 rations


   Skills:
 + Level 5.9 Fighting
 + Level 7.4 Maces & Flails
 + Level 6.0 Armour
 + Level 3.9 Dodging
 + Level 1.2 Stealth


You had 7 spell levels left.
You didn't know any spells.

Dungeon Overview and Level Annotations

Branches:
Dungeon (5/15)
 Temple: D:4-7

Altars:
Hepliaklqana
Qazlal
Vehumet
Xom
Yredelemnul

Annotations:
D:4 exclusion: statue


Innate Abilities, Weirdness & Mutations

You are resistant to torment.
Your stone body is resilient. (AC +5)
You are immune to poison.
You resist negative energy. (rN+)
You are resistant to electric shocks. (rElec)
You can survive without breathing.
You are immune to petrification.
You are immune to rotting.
You are agile. (Dex +2)
Your muscles are strong. (Str +2)


Message History

No target in view!
Things that are here:
a giant spiked club; an ogre corpse
x - a scroll labeled TEANEA GAICICREPS A centaur zombie comes into view.
A centaur zombie is nearby!
A centaur zombie is nearby!
Found 18 gold pieces.
No target in view!
No target in view!
No target in view!
No target in view!
No target in view!
No target in view!
No target in view!
No target in view!
No target in view!
No target in view!
Unknown command.
Are you sure you want to abandon this character and quit the game? (Confirm with "yes".)

#.# #.# #.# #.#
#.# #.# #.# #.#
#. .# #.# #..#.
###..## #.# #.#.#
####....... #.#
...# #..@.# #.#
###.###.###.....$
#.# #.....#.#
..... ##.###
#.......# ....
.....# #.....###
...
.....###.....# .$
......†......# .
.....###)....#
.....# #.....#


There were no monsters in sight!

Vanquished Creatures
  Sigmund (D:3)
  The ghost of Frisk the Chopper, an amateur MiBe of Trog (D:3)
  Purgy (D:2)
  3 ogres
  A big kobold (D:3)
  A bullfrog (D:4)
  A crimson imp (D:4)
  A bullfrog zombie (D:5)
  A hound (D:4)
  2 orc wizards (D:4)
  2 orc priests
  Jessica (D:3)
  A bullfrog skeleton (D:4)
  Natasha (thrice) (D:4)
  2 worker ants
  2 worker ant zombies
  10 gnolls
  10 adders
  A shadow imp (D:5)
  2 oozes
  5 worms
  A dart slug (D:2)
  2 leopard geckos
  9 orcs
  4 giant cockroaches
  6 goblins
  12 hobgoblins
  7 jackals
  A quokka (D:3)
  14 bats
  6 frilled lizards
  16 kobolds
  7 rats
  A spectral orc (D:4)
138 creatures vanquished.

Notes
Turn   | Place    | Note
-------+----------+-------------------------------------------
     0 | D:1      | polly the Gargoyle Berserker began the quest for the Orb.
     0 | D:1      | Reached XP level 1. HP: 14/14 MP: 1/1
   137 | D:1      | Reached XP level 2. HP: 17/19 MP: 2/2
   908 | D:2      | Reached XP level 3. HP: 24/24 MP: 3/3
  1125 | D:2      | Reached ** piety under Trog
  1262 | D:2      | Found a stormy altar of Qazlal.
  1324 | D:2      | Reached XP level 4. HP: 29/29 MP: 4/4
  1420 | D:3      | Noticed Frisk's ghost (amateur MiBe)
  1451 | D:3      | Killed Frisk's ghost
  1451 | D:3      | Reached skill level 4 in Maces & Flails
  1451 | D:3      | Reached XP level 5. HP: 11/34 MP: 5/5
  1738 | D:3      | Reached XP level 6. HP: 38/39 MP: 6/6
  1816 | D:3      | Noticed Purgy
  1825 | D:3      | Noticed Sigmund
  1999 | D:3      | Gained mutation: You are agile. (Dex +2) [potion of mutation]
  1999 | D:3      | Gained mutation: Your muscles are strong. (Str +2) [potion of mutation]
  2010 | D:2      | Killed Purgy
  2010 | D:2      | Reached skill level 5 in Maces & Flails
  2270 | D:3      | Killed Sigmund
  2270 | D:3      | Reached skill level 5 in Fighting
  2270 | D:3      | Reached XP level 7. HP: 38/44 MP: 7/7
  2314 | D:3      | Noticed Jessica
  2319 | D:3      | Killed Jessica
  2529 | D:3      | Reached skill level 6 in Maces & Flails
  2752 | D:3      | Reached *** piety under Trog
  2792 | D:3      | Found a hazy altar of Hepliaklqana.
  2968 | D:4      | Reached skill level 5 in Armour
  2968 | D:4      | Reached XP level 8. HP: 26/49 MP: 8/8
  3283 | D:4      | Noticed Natasha
  3295 | D:4      | Killed Natasha
  3307 | D:4      | Found a radiant altar of Vehumet.
  3531 | D:4      | Reached skill level 1 in Stealth
  3740 | D:4      | Noticed Natasha
  3749 | D:4      | Killed Natasha
  3749 | D:4      | Reached **** piety under Trog
  4152 | D:4      | Reached skill level 7 in Maces & Flails
  4307 | D:4      | Found a basalt altar of Yredelemnul.
  4324 | D:4      | Found a shimmering altar of Xom.
  4339 | D:4      | Noticed Natasha
  4357 | D:4      | Killed Natasha
  4387 | D:5      | Entered Level 5 of the Dungeon
  4402 | D:5      | Upgraded the game from 0.21-b1-15-gfba53cd to 0.21-b1-23-g1fb0a74
  4505 | D:5      | Quit the game

Skill      XL: |  1  2  3  4  5  6  7  8 |
---------------+-------------------------+-----
Fighting       | 4 5 |  5.9
Dodging        | 2 3 |  3.9
Maces & Flails | 4 5 6 7 |  7.4
Armour         | 3 4 5 6 |  6.0
Stealth        | 1 |  1.2

Action                   |  1- 3 |  4- 6 |  7- 9 || total
-------------------------+-------+-------+-------++-------
Melee: Whip              |   130 |   121 |   315 ||   566
       Mace              |     7 |       |       ||     7
Invok: Berserk           |       |     2 |     2 ||     4
       Trog's Hand       |       |     1 |       ||     1
  Use: Potion            |       |     2 |       ||     2
  Eat: Chunk             |     1 |     3 |     8 ||    12
       Ration            |       |     1 |       ||     1
Armor: Animal skin       |    14 |       |       ||    14
       Ring mail         |    26 |       |       ||    26
       Scale mail        |    21 |    74 |   146 ||   241
Dodge: Dodged            |    95 |    60 |   172 ||   327
